 Dungeon Crawl Stone Soup version 0.20-a0-941-gba1b1f9 (webtiles) character file.

122 xnavy the Sneak (level 5, 0/28 HPs)
             Began as a Vine Stalker Monk on Mar 31, 2017.
             Killed from afar by Ijyb (19 damage)
             ... with a wand of lightning (?/15)
             ... on level 2 of the Dungeon.
             The game lasted 00:05:51 (2856 turns).

xnavy the Sneak (Vine Stalker Monk)                 Turns: 2856, Time: 00:05:53

Health: 0/28       AC:  5    Str: 14    XL:     5   Next: 6%
Magic:  0/6        EV: 12    Int: 10    God:
Gold:   144        SH:  0    Dex: 17    Spells: 4/4 levels left

rFire    . . .     SeeInvis .     - Unarmed
rCold    . . .     Gourm    .   (no shield)
rNeg     . . .     Faith    .   o - +0 ring mail
rPois    .         Spirit   +   (no helmet)
rElec    .         Reflect  .   (no cloak)
rCorr    .         Harm     .   (no gloves)
MR       .....                  (no boots)
Stlth    ++........             (no amulet)
Regen    0.5/turn               (no ring)
MPRegen  0.1/turn               (no ring)

@: lethally poisoned (0 -> -1)
A: fangs 2, regeneration 1, magic shield, antimagic bite, no potion heal 3, rot
immunity
a: no special abilities


You were on level 2 of the Dungeon.
You were not hungry.

You visited 1 branch of the dungeon, and saw 2 of its levels.

You collected 144 gold pieces.

Inventory:

Hand Weapons
 e - a +2 dagger of venom
   (You found it on level 1 of the Dungeon)
 q - a +1 short sword of holy wrath
   (You took it off a kobold on level 2 of the Dungeon)
Missiles
 i - 113 stones (quivered)
Armour
 a - a +0 robe
 o - a +0 ring mail (worn)
   (You found it on level 1 of the Dungeon)
Scrolls
 f - a scroll of random uselessness {unknown}
 g - a scroll of magic mapping {unknown}
 j - a scroll of immolation {unknown}
 m - a scroll of blinking {unknown}
 n - a scroll of remove curse {unknown}
 r - 2 scrolls of identify {unknown}
Potions
 c - a potion of heal wounds {unknown}
 h - a potion of agility {unknown}
 k - a potion of might {unknown}
 l - a potion of magic {unknown}
 s - a potion of flight {unknown}
Comestibles
 b - 2 bread rations {@e1}
 d - 3 meat rations {@e2}


   Skills:
 - Level 3.6 Fighting
 - Level 3.2 Dodging
 - Level 4.8 Stealth
 + Level 4.5 Unarmed Combat


You had 4 spell levels left.
You didn't know any spells.

Dungeon Overview and Level Annotations

Branches:
Dungeon (2/15)

Altars:

Annotations:
D:2 1 runed door, exclusion: goblin, Ijyb, Natasha


Innate Abilities, Weirdness & Mutations

You have extremely sharp teeth.
Your natural rate of healing is unusually fast.
When hurt, damage is shared between your health and your magic reserves.
Your bite disrupts and absorbs the magic of your enemies.
Potions cannot restore your health.
You are immune to rotting.


Message History

You barely miss the ball python.
The ball python bites you but does no damage.
The ball python constricts you.
You closely miss the ball python. The ball python bites you.
The ball python constricts you.
You take 2 damage, and have 23/25 hp.
You hit the ball python.
You kill the ball python!
No target in view!
No target in view!
You see here a ball python corpse.
You butcher the ball python corpse.
p - 4 chunks of flesh {@w0} (gained 2)
You see here a ball python skeleton.
Health restored: 25 There isn't anything to butcher here.
Some of the chunks of flesh in your inventory have rotted away.
i - 114 stones (gained 1)
There is a stone staircase leading down here.
r - a scroll labeled NAIKUJ LU JALE
s - a fizzy brown potion A ball python and an adder come into view.
The adder hisses angrily.
The ball python hisses angrily.
The adder closely misses you.
You closely miss the adder. You bite the adder. You drain its power.
The adder closely misses you.
You closely miss the adder. You bite the adder. You drain its power.
The adder bites you but does no damage.
You miss the adder. Your punch misses the adder. Your bite misses the adder.
The adder closely misses you.
You miss the adder. Your bite misses the adder.
The adder bites you but does no damage. The adder completely misses you.
You hit the adder. You bite the adder, but do no damage.
The adder closely misses you.
You completely miss the adder. You bite the adder, but do no damage.
The adder closely misses you.
You miss the adder. Your bite misses the adder. The adder bites you.
You take 1 damage, and have 24/25 hp.
You miss the adder. You bite the adder. You drain its power.
You kill the adder!
You completely miss the ball python. You bite the ball python.
You drain its power.
You kill the ball python!
Health restored: 25 No target in view!
No target in view!
No target in view!
r - 2 scrolls labeled NAIKUJ LU JALE (gained 1)
You see here a whip.
Eating one of 3 chunks of flesh {@w0}.
You eat one of the 3 chunks of flesh {@w0}.
There is a stone staircase leading up here.
You see here a dagger.
There is an escape hatch in the floor here.
All of the chunks of flesh in your inventory have rotted away.
There is an escape hatch in the floor here.
An adder and a goblin come into view.
Aim: an adder (resting)
You throw a stone.
The stone hits the adder but does no damage.
You closely miss the adder. Your bite misses the adder.
The adder completely misses you. The adder bites you but does no damage.
You closely miss the adder. The adder bites you but does no damage.
You miss the adder. Your bite misses the adder. The adder closely misses you.
You hit the adder but do no damage. You bite the adder. You drain its power.
The adder closely misses you.
You barely miss the adder. You bite the adder. You drain its power.
The adder bites you.
You take 3 damage, and have 22/25 hp.
You hit the adder. Your bite misses the adder.
The adder bites you but does no damage. The adder misses you.
You barely miss the adder. The adder closely misses you.
You miss the adder. Your bite misses the adder. The adder bites you.
You now have 4/5 mp.
You hit the adder.
You kill the adder!
You have reached level 5!
You regained 4 hp, and now have 27/28 hp.
Here: a goblin, wielding a dagger (resting)
The floor.
Unknown command.
Health restored: 28 You start resting.
MP restored: 6 Ijyb shouts!
You hit Ijyb.
Ijyb zaps a wand.
The bolt of lightning hits you!
It is a wand of lightning (?/15).
You take 7 damage, and have 21/28 hp.
MASSIVE DAMAGE!!
You now have 4/6 mp.
You closely miss Ijyb. Your bite misses Ijyb.
Ijyb hits you with a dagger of venom.
You are poisoned.
You take 2 damage, and have 19/28 hp.
You now have 3/6 mp.
You hit Ijyb. You bite Ijyb, but do no damage.
You feel sick.
Ijyb zaps a wand.
The bolt of lightning hits you!
Ouch! That really hurt!
You die...

#.#.# ##### #....#####
#######.#.###...# #..... #.#
#...#...#.##..#.# #..#.(g#.#
..#...#....รท....# #h.....#.#
#########....#..#### .##....(#
#######....###.....## .......#
..........## #.###....#####..##..
#######.#.####.######...#....####
# #.#......g@..............##
#######.#.####.#...#######.#.#...
.................................
....###..#.##...[....############
.##.###.###.#...........##.....#
###.##.## ##.....<.......#.###.#
# #.###.###.#..#.<.#.......# #.#
###<####.#.##..#..[#.....### #.#
............(.....###...## #.#


You could see Ijyb.

Vanquished Creatures
  A gnoll (D:1)
  5 adders (D:2)
  An ooze (D:2)
  A worm (D:2)
  2 dart slugs (D:1)
  3 leopard geckos (D:1)
  7 bats
  2 giant cockroaches (D:1)
  7 goblins
  4 hobgoblins (D:1)
  5 jackals
  3 kobolds
  4 ball pythons
  7 rats
52 creatures vanquished.

Notes
Turn   | Place    | Note
-------+----------+-------------------------------------------
     0 | D:1      | xnavy the Vine Stalker Monk began the quest for the Orb.
     0 | D:1      | Reached XP level 1. HP: 12/12 MP: 2/2
    63 | D:1      | HP: 2/12 [hobgoblin/club (4)]
   465 | D:1      | Reached skill level 1 in Unarmed Combat
   488 | D:1      | Reached XP level 2. HP: 7/16 MP: 1/3
   716 | D:1      | Reached skill level 2 in Unarmed Combat
  1266 | D:1      | Reached XP level 3. HP: 10/20 MP: 2/4
  1895 | D:1      | Reached skill level 3 in Unarmed Combat
  1994 | D:2      | Gained mutation: Your natural rate of healing is unusually fast. [Vine Stalker growth]
  1994 | D:2      | Reached XP level 4. HP: 17/25 MP: 3/5
  2061 | D:2      | Noticed Natasha
  2160 | D:2      | Noticed Ijyb
  2166 | D:2      | Reached skill level 4 in Unarmed Combat
  2493 | D:2      | Found a runed door.
  2815 | D:2      | Reached XP level 5. HP: 26/28 MP: 4/6
  2856 | D:2      | Killed from afar by Ijyb

Vault maps used:
D:1:      lemuel_arrival_hallway, grunt_decor_mini_mirrors, st_stairs_4,
          minmay_curled_crystal, minivault_24, minmay_stone_trees_small,
          minmay_tetromino_l4
D:2:      kennysheep_the_goblin_king, first_bread, bh_walls_and_bars,
          uniq_crazy_yiuf_cottage, uniq_natasha

Skill      XL: |  1  2  3  4 |
---------------+-------------+-----
Unarmed Combat | 1 2 3 4 |  4.5
Fighting       | |  3.6
Dodging        | |  3.2
Stealth        | |  4.8

Action                   |  1- 3 |  4- 6 || total
-------------------------+-------+-------++-------
Melee: Unarmed           |   113 |    91 ||   204
       Bite              |    30 |    26 ||    56
       Punch             |     1 |       ||     1
Throw: Stone             |    79 |    20 ||    99
 Stab: Sleeping          |     2 |     2 ||     4
  Eat: Chunk             |     3 |     3 ||     6
Armor: Robe              |    15 |       ||    15
       Ring mail         |     8 |    19 ||    27
Dodge: Dodged            |    66 |    54 ||   120

Vault maps used:
D:1:      lemuel_arrival_hallway, grunt_decor_mini_mirrors, st_stairs_4,
          minmay_curled_crystal, minivault_24, minmay_stone_trees_small,
          minmay_tetromino_l4
D:2:      kennysheep_the_goblin_king, first_bread, bh_walls_and_bars,
          uniq_crazy_yiuf_cottage, uniq_natasha

Table legend:
 A = Turns spent in this place as a percentage of turns spent in the entire game.
 B = Non-inter-level travel turns spent in this place as a percentage of non-inter-level travel turns spent in the entire game.
 C = Inter-level travel turns spent in this place as a percentage of turns spent in this place.
 D = Turns resting spent in this place as a percentage of non-inter-level travel turns spent in this place.
 E = Turns spent auto-exploring this place as a percentage of non-inter-level travel turns spent in this place.
 F = Non-inter-level travel turns spent in this place divided by the number of levels of this place that you've seen.
                   A       B       C       D       E      F
               +-------+-------+-------+-------+-------+----------------------
         Total | 100.0 | 100.0 |   0.1 |   3.8 |   6.9 | 398.0
       Dungeon | 100.0 | 100.0 |   0.1 |   3.8 |   6.9 | 398.0
               +-------+-------+-------+-------+-------+----------------------

Table legend:
 A = Kills in this place as a percentage of kills in entire the game.
 B = Kills by you in this place as a percentage of kills by you in the entire game.
 C = Kills by friends in this place as a percentage of kills by friends in the entire game.
 D = Other kills in this place as a percentage of other kills in the entire game.
 E = Experience gained in this place as a percentage of experience gained in the entire game.
 F = Experience gained in this place divided by the number of levels of this place that you have seen.
                   A       B       C       D       E      F
               +-------+-------+-------+-------+-------+----------------------
         Total | 100.0 | 100.0 |  -nan |  -nan | 100.0 |  87.5
       Dungeon | 100.0 | 100.0 |  -nan |  -nan | 100.0 |  87.5
               +-------+-------+-------+-------+-------+----------------------
